[ AOE2 MATCH · #506522826 ]
UnrankedTeutons vs Mongols
Player's team · WIN
Rival team · LOSS
[ REPLAY ANALYSIS · EXTRACTED FROM THE RECORDED GAME ]
Feudal
9:26
Castle
31:11
Imperial
44:58
| APM avg | 26.8 |
| APM peak | 61 |
| eAPM avg | 15.0 |
| Villagers / military | 130 / 165 |
Focus
⚔️ 32.8% · 🌾 67.2%
Spearman ×64 · Skirmisher ×49 · Archer ×25 · Bombard Cannon ×8 · Monk ×6 · Militia ×6
Feudal
9:40
Castle
25:54
Imperial
41:30
| APM avg | 30.9 |
| APM peak | 58 |
| eAPM avg | 20.0 |
| Villagers / military | 105 / 122 |
Focus
⚔️ 39.0% · 🌾 61.0%
Knight ×49 · Cavalry Archer ×35 · Archer ×15 · Mangudai ×14 · Trebuchet (Packed) ×4 · Steppe Lancer ×2
Match map
Initial resources + every placement click. Lines = walls · curves = elevation contours. ◆ gold · ⬟ stone · ● berries · ✦ relic · ◌ wall gap
Your base· Open — opponent sealed themselves in
Corintio_AoE's base· ✓ Closed at 25:54 · 46t walls · 1 gate(s)
Smoothed initial terrain · ◌ = detected wall gap · hover for details
Inputs per minute
— Kinait - - Corintio_AoE
Build order — Kinait
First 150 of 394 actions detected
| 0:01 | Queue | Villager (Male) |
| 0:01 | Queue | Villager (Male) |
| 0:01 | Queue | Villager (Male) |
| 0:02 | Build | House |
| 0:04 | Build | House |
| 0:09 | Queue | Villager (Male) |
| 1:28 | Queue | Villager (Male) |
| 1:53 | Build | Lumber Camp |
| 1:58 | Queue | Villager (Male) |
| 2:17 | Queue | Villager (Male) |
| 2:39 | Build | House |
| 2:45 | Queue | Villager (Male) |
| 3:04 | Queue | Villager (Male) |
| 3:30 | Queue | Villager (Male) |
| 3:53 | Queue | Villager (Male) |
| 4:14 | Queue | Villager (Male) |
| 4:21 | Build | Mill |
| 4:54 | Queue | Villager (Male) |
| 4:59 | Queue | Villager (Male) |
| 5:23 | Queue | Villager (Male) |
| 5:32 | Queue | Villager (Male) |
| 6:13 | Queue | Villager (Male) |
| 6:21 | Build | Barracks |
| 6:43 | Research | Loom |
| 6:46 | Build | House |
| 7:16 | Research | Feudal Age |
| 7:30 | Build | Mining Camp |
| 7:33 | Queue | Militia |
| 7:56 | Queue | Militia |
| 8:18 | Queue | Militia |
| 8:21 | Build | House |
| 8:36 | Queue | Militia |
| 8:59 | Queue | Militia |
| 9:24 | Build | Mining Camp |
| 9:26 | Age | Feudal Age |
| 9:29 | Queue | Villager (Male) |
| 9:39 | Queue | Villager (Male) |
| 9:59 | Queue | Villager (Male) |
| 10:20 | Build | House |
| 10:23 | Build | Farm |
| 10:23 | Queue | Villager (Male) |
| 10:42 | Build | Watch Tower |
| 10:46 | Queue | Villager (Male) |
| 10:50 | Build | Farm |
| 11:00 | Research | Man-at-Arms (upgrade) |
| 11:11 | Queue | Villager (Male) |
| 11:44 | Queue | Villager (Male) |
| 12:17 | Build | Archery Range |
| 12:19 | Queue | Villager (Male) |
| 12:35 | Queue | Villager (Male) |
| 12:44 | Build | House |
| 12:51 | Queue | Skirmisher |
| 12:51 | Queue | Skirmisher |
| 13:04 | Build | Watch Tower |
| 13:20 | Queue | Villager (Male) |
| 13:30 | Queue | Skirmisher |
| 13:42 | Build | Farm |
| 13:50 | Build | Farm |
| 14:12 | Queue | Archer |
| 14:13 | Queue | Villager (Male) |
| 14:24 | Queue | Archer |
| 14:26 | Queue | Villager (Male) |
| 14:31 | Build | Farm |
| 14:36 | Build | Farm |
| 14:49 | Queue | Villager (Male) |
| 15:08 | Build | House |
| 15:25 | Queue | Villager (Male) |
| 15:38 | Build | Watch Tower |
| 15:48 | Queue | Villager (Male) |
| 15:53 | Queue | Archer |
| 16:28 | Queue | Villager (Male) |
| 16:39 | Queue | Villager (Male) |
| 16:58 | Queue | Archer |
| 17:10 | Queue | Villager (Male) |
| 17:17 | Build | Blacksmith |
| 17:25 | Build | House |
| 17:54 | Research | Fletching |
| 18:11 | Build | Watch Tower |
| 18:16 | Build | Watch Tower |
| 18:37 | Queue | Villager (Male) |
| 19:00 | Queue | Villager (Male) |
| 19:18 | Queue | Villager (Male) |
| 19:24 | Build | House |
| 19:25 | Build | House |
| 19:34 | Build | Farm |
| 19:45 | Queue | Archer |
| 19:51 | Queue | Villager (Male) |
| 19:53 | Build | House |
| 19:57 | Queue | Villager (Male) |
| 20:12 | Build | Archery Range |
| 20:13 | Queue | Archer |
| 20:24 | Queue | Villager (Male) |
| 20:36 | Build | Watch Tower |
| 20:42 | Queue | Villager (Male) |
| 20:45 | Queue | Archer |
| 20:46 | Queue | Archer |
| 20:56 | Build | Watch Tower |
| 21:11 | Build | Farm |
| 21:11 | Build | Farm |
| 21:12 | Build | Farm |
| 21:28 | Queue | Villager (Male) |
| 22:13 | Queue | Villager (Male) |
| 22:37 | Build | Watch Tower |
| 22:42 | Queue | Villager (Male) |
| 22:48 | Build | Farm |
| 22:52 | Build | Farm |
| 22:56 | Build | Lumber Camp |
| 23:05 | Queue | Skirmisher |
| 23:05 | Queue | Skirmisher |
| 23:05 | Queue | Skirmisher |
| 23:05 | Queue | Skirmisher |
| 23:13 | Queue | Villager (Male) |
| 23:18 | Build | Farm |
| 23:24 | Queue | Archer |
| 24:09 | Queue | Villager (Male) |
| 24:54 | Queue | Militia |
| 25:19 | Queue | Villager (Male) |
| 25:47 | Build | House |
| 25:48 | Build | House |
| 25:49 | Build | House |
| 25:50 | Build | House |
| 26:22 | Build | Watch Tower |
| 26:41 | Queue | Villager (Male) |
| 27:16 | Queue | Villager (Male) |
| 27:30 | Build | Market |
| 28:20 | Queue | Villager (Male) |
| 28:30 | Research | Castle Age |
| 28:41 | Research | Double-Bit Axe |
| 28:44 | Research | Horse Collar |
| 29:01 | Queue | Archer |
| 29:03 | Queue | Archer |
| 29:16 | Research | Gold Mining |
| 29:24 | Queue | Archer |
| 29:26 | Queue | Archer |
| 29:44 | Build | House |
| 30:05 | Build | Watch Tower |
| 30:15 | Build | Watch Tower |
| 30:22 | Research | Padded Archer Armor |
| 30:28 | Build | Mining Camp |
| 31:11 | Age | Castle Age |
| 31:15 | Queue | Villager (Male) |
| 31:19 | Research | Bodkin Arrow |
| 31:19 | Research | Bodkin Arrow |
| 31:24 | Build | University |
| 31:45 | Build | Watch Tower |
| 31:57 | Queue | Villager (Male) |
| 32:01 | Research | Crossbowman (upgrade) |
| 32:01 | Research | Crossbowman (upgrade) |
| 32:10 | Build | Farm |
| 32:10 | Build | Farm |
Build order — Corintio_AoE
First 150 of 363 actions detected
| 0:00 | Queue | Villager (Male) |
| 0:01 | Queue | Villager (Male) |
| 0:01 | Queue | Villager (Male) |
| 0:01 | Queue | Villager (Male) |
| 0:03 | Build | House |
| 0:04 | Build | House |
| 1:35 | Queue | Villager (Male) |
| 1:36 | Queue | Villager (Male) |
| 1:45 | Build | Lumber Camp |
| 2:01 | Queue | Villager (Male) |
| 2:20 | Queue | Villager (Male) |
| 2:21 | Queue | Villager (Male) |
| 2:46 | Queue | Villager (Male) |
| 2:47 | Queue | Villager (Male) |
| 3:03 | Queue | Villager (Male) |
| 3:23 | Queue | Villager (Male) |
| 3:27 | Build | House |
| 4:05 | Queue | Villager (Male) |
| 4:17 | Build | Mill |
| 4:23 | Queue | Villager (Male) |
| 4:24 | Queue | Villager (Male) |
| 4:40 | Queue | Villager (Male) |
| 4:40 | Queue | Villager (Male) |
| 5:20 | Queue | Villager (Male) |
| 5:33 | Queue | Villager (Male) |
| 6:10 | Queue | Villager (Male) |
| 6:24 | Queue | Villager (Male) |
| 6:25 | Research | Loom |
| 6:30 | Build | House |
| 6:34 | Queue | Villager (Male) |
| 7:15 | Research | Feudal Age |
| 7:35 | Build | Barracks |
| 7:57 | Build | Palisade Gate |
| 7:59 | Build | Palisade Wall |
| 8:07 | Build | Mining Camp |
| 8:28 | Build | Palisade Wall |
| 8:36 | Build | Palisade Wall |
| 8:44 | Build | Palisade Wall |
| 9:40 | Age | Feudal Age |
| 9:45 | Build | Archery Range |
| 10:02 | Build | House |
| 10:15 | Build | House |
| 10:22 | Build | House |
| 10:25 | Queue | Villager (Male) |
| 10:27 | Queue | Villager (Male) |
| 10:30 | Queue | Archer |
| 10:30 | Queue | Archer |
| 10:56 | Queue | Archer |
| 10:58 | Queue | Spearman |
| 11:07 | Build | Palisade Wall |
| 11:15 | Build | Farm |
| 11:16 | Queue | Villager (Male) |
| 11:24 | Queue | Archer |
| 11:34 | Queue | Villager (Male) |
| 12:08 | Queue | Archer |
| 12:14 | Build | House |
| 12:39 | Build | Farm |
| 13:04 | Build | Watch Tower |
| 13:11 | Build | House |
| 13:12 | Build | House |
| 13:13 | Queue | Archer |
| 13:18 | Build | Farm |
| 13:37 | Build | House |
| 13:42 | Queue | Militia |
| 14:12 | Build | Palisade Gate |
| 14:34 | Queue | Villager (Male) |
| 14:38 | Build | Farm |
| 14:42 | Build | Blacksmith |
| 14:45 | Queue | Villager (Male) |
| 15:12 | Queue | Villager (Male) |
| 15:41 | Queue | Archer |
| 15:44 | Build | House |
| 15:55 | Research | Fletching |
| 15:59 | Queue | Villager (Male) |
| 16:04 | Research | Double-Bit Axe |
| 16:04 | Queue | Villager (Male) |
| 16:26 | Build | Farm |
| 16:27 | Build | Farm |
| 16:47 | Research | Padded Archer Armor |
| 17:20 | Build | Mining Camp |
| 17:22 | Queue | Villager (Male) |
| 17:23 | Queue | Villager (Male) |
| 17:23 | Queue | Villager (Male) |
| 18:36 | Queue | Villager (Male) |
| 18:37 | Queue | Villager (Male) |
| 18:58 | Queue | Archer |
| 18:58 | Queue | Archer |
| 19:02 | Queue | Villager (Male) |
| 19:06 | Build | Farm |
| 19:07 | Build | Farm |
| 19:08 | Build | Farm |
| 19:19 | Queue | Villager (Male) |
| 19:46 | Build | House |
| 19:49 | Build | House |
| 19:56 | Build | Watch Tower |
| 20:03 | Build | House |
| 20:09 | Build | House |
| 20:14 | Build | House |
| 20:18 | Queue | Villager (Male) |
| 20:22 | Build | Farm |
| 20:23 | Build | Farm |
| 20:24 | Queue | Villager (Male) |
| 20:44 | Queue | Archer |
| 20:44 | Queue | Archer |
| 21:49 | Queue | Archer |
| 21:49 | Queue | Archer |
| 21:59 | Build | Farm |
| 22:17 | Queue | Villager (Male) |
| 22:17 | Queue | Villager (Male) |
| 22:22 | Build | Market |
| 23:01 | Build | House |
| 23:14 | Research | Castle Age |
| 24:15 | Build | Watch Tower |
| 24:50 | Build | Stable |
| 25:54 | Age | Castle Age |
| 26:51 | Build | Castle |
| 27:03 | Build | Town Center |
| 27:18 | Research | Bodkin Arrow |
| 27:34 | Build | Farm |
| 27:35 | Build | Farm |
| 27:50 | Queue | Steppe Lancer |
| 27:50 | Queue | Steppe Lancer |
| 28:02 | Queue | Villager (Male) |
| 28:03 | Queue | Villager (Male) |
| 28:03 | Queue | Villager (Male) |
| 28:03 | Queue | Villager (Male) |
| 28:06 | Queue | Villager (Male) |
| 28:06 | Queue | Villager (Male) |
| 28:39 | Build | Siege Workshop |
| 28:45 | Queue | Villager (Male) |
| 28:46 | Queue | Villager (Male) |
| 29:16 | Queue | Villager (Male) |
| 29:16 | Queue | Villager (Male) |
| 29:43 | Queue | Villager (Male) |
| 29:44 | Queue | Villager (Male) |
| 29:44 | Queue | Villager (Male) |
| 30:01 | Build | Farm |
| 30:01 | Build | Farm |
| 30:02 | Build | Farm |
| 30:02 | Build | Farm |
| 30:02 | Build | Farm |
| 30:02 | Build | Farm |
| 30:13 | Research | Town Watch |
| 30:18 | Build | Farm |
| 30:19 | Build | Farm |
| 30:24 | Build | House |
| 30:27 | Build | House |
| 30:29 | Build | House |
| 30:57 | Queue | Mangonel |
| 31:10 | Research | Crossbowman (upgrade) |
Match timeline
| 6:21 | Kinait · first_building Barracks |
| 7:35 | Corintio_AoE · first_building Barracks |
| 7:59 | Corintio_AoE · wall_segment Palisade Wall x4 |
| 8:28 | Corintio_AoE · wall_segment Palisade Wall x2 |
| 8:36 | Corintio_AoE · wall_segment Palisade Wall x11 |
| 8:44 | Corintio_AoE · wall_segment Palisade Wall x16 |
| 9:26 | Kinait · age_up feudal |
| 9:40 | Corintio_AoE · age_up feudal |
| 9:45 | Corintio_AoE · first_building Archery Range |
| 11:07 | Corintio_AoE · wall_segment Palisade Wall x14 |
| 12:17 | Kinait · first_building Archery Range |
| 23:07 | Corintio_AoE · first_market_sell 100 stone |
| 23:12 | Corintio_AoE · first_market_buy 100 food |
| 24:50 | Corintio_AoE · first_building Stable |
| 25:54 | Corintio_AoE · age_up castle |
| 26:51 | Corintio_AoE · first_building Castle |
| 28:27 | Kinait · first_market_sell 500 wood |
| 28:28 | Kinait · first_market_buy 100 food |
| 28:39 | Corintio_AoE · first_building Siege Workshop |
| 31:11 | Kinait · age_up castle |
| 33:04 | Kinait · first_building Siege Workshop |
| 36:48 | Kinait · first_building Monastery |
| 41:30 | Corintio_AoE · age_up imperial |
| 41:40 | Kinait · first_building Castle |
| 42:44 | Kinait · wall_segment Palisade Wall x6 |
| 44:58 | Kinait · age_up imperial |
| 48:39 | Corintio_AoE · wall_segment Palisade Wall x12 |
| 62:31 | Corintio_AoE · resign |
[ AI ANALYSIS · 1 CREDIT ]
What really happened in this match?
Wolo.gg analyzes every decision: build order, eco, micro, common mistakes by bracket. Personalized analysis on WhatsApp or Discord in 30 seconds.
Civ guide
Teutons
Perfil
Jugador #87898